 Dungeon Crawl Stone Soup version 0.30.1-4-g462c640d31 (webtiles) character file.

Game seed: 12541046806158795114

756 Wiggles the Chopper (level 7, -5/63 HPs)
             Began as a Minotaur Berserker on Aug 21, 2023.
             Was a Priest of Trog.
             Slain by a gnoll sergeant
             ... wielding a +2 heavy spear
              (14 damage)
             ... on level 5 of the Dungeon.
             The game lasted 00:07:19 (4424 turns).

Wiggles the Chopper (Minotaur Berserker)            Turns: 4424, Time: 00:07:20

Health: -5/63      AC: 10    Str: 23    XL:     7   Next: 50%
Magic:  6/6        EV:  9    Int:  4    God:    Trog [***...]
Gold:   361        SH:  0    Dex: 10    Spells: 6/6 levels left

rFire   + . .        a - +0 hand axe
rCold   + . .        (no shield)
rNeg    . . .        m - +0 chain mail
rPois   +            (helmet restricted)
rElec   +            f - +0 cloak
rCorr   +            (no gloves)
SInv    .            (no boots)
Will    ++...        (no amulet) Stlth
                     (no ring)
HPRegen 1.30/turn    (no ring)
MPRegen 0.10/turn

%: no passive effects
@: mighty, brilliant, resistant, strong-willed (expiring), on berserk cooldown,
flying, regenerating (expiring), slowed, very slow
A: horns 2, retaliatory headbutt
a: Renounce Religion, Berserk, Trog's Hand


You were on level 5 of the Dungeon.
You worshipped Trog.
Trog was most pleased with you.
You visited 1 branch of the dungeon, and saw 5 of its levels.
You also visited: Sewer.

You collected 361 gold pieces.

Inventory:

Hand Weapons
 a - a +0 hand axe (weapon)
Armour
 f - a +0 cloak (worn)
 m - a +0 chain mail (worn)
Jewellery
 i - an amulet of magic regeneration
Scrolls
 b - 3 scrolls of teleportation {unknown}
 c - a scroll of amnesia {unknown}
 g - 2 scrolls of noise {unknown}
 h - 3 scrolls of identify {unknown}
 j - 3 scrolls of immolation {unknown}
 n - a scroll of enchant armour {unknown}
 o - a scroll of enchant weapon {unknown}
Potions
 e - a potion of brilliance
 l - a potion of resistance
 p - a potion of heal wounds {unknown}
 q - a potion of mutation {unknown}
 r - 2 potions of magic
 s - a potion of invisibility {unknown}
 t - a potion of curing {unknown}


   Skills:
 + Level 6.2 Fighting
 + Level 7.2 Axes
 + Level 4.6 Armour
 + Level 3.9 Dodging
 + Level 1.4 Stealth


You had 6 spell levels left.
You didn't know any spells.
Your spell library was empty.

Dungeon Overview and Level Annotations

Branches:
Dungeon (5/15)              Sewer (visited)
 Temple: D:4-7

Altars:
Gozag
Nemelex Xobeh

Shops:
D:2 :


Innate Abilities, Weirdness & Mutations

You have a pair of horns on your head.
You reflexively headbutt those who attack you in melee.


Message History

You feel strong-willed.
It was a potion of magic.
Magic courses through your body. The gnoll hits you with a +0 club.
The gnoll sergeant hits you but does no damage.
The orc throws a boomerang.
The boomerang barely misses you. The gnoll completely misses you.
It was a potion of brilliance.
You feel clever all of a sudden.
You feel the effects of Trog's Hand fading.
The gnoll sergeant hits you from afar with a +2 heavy spear.
The gnoll hits you with a +0 club. The orc hits you but does no damage.
The orc throws a boomerang.
The boomerang hits you but does no damage.
It was a potion of resistance.
You feel protected.
A gnoll comes into view. It is wielding a +0 whip.
A gnoll comes into view. It is wielding a +0 flail.
The gnoll barely misses you.
The gnoll sergeant hits you from afar with a +2 heavy spear.
* * * LOW HITPOINT WARNING * * *
The orc hits you but does no damage.
The orc throws a boomerang.
The boomerang barely misses you. The orc barely misses you.
You furiously retaliate!
You headbutt the orc. The gnoll hits you but does no damage.
It was a potion of flight.
You feel very buoyant.
You fly up into the air.
The gnoll sergeant hits you from afar with a +2 heavy spear!
* * * LOW HITPOINT WARNING * * *
The orc hits you with a +0 club.
* * * LOW HITPOINT WARNING * * *
A gnoll comes into view. It is wielding a +0 flail.
It was a potion of might.
You feel very mighty all of a sudden.
The gnoll shouts!
The gnoll hits you but does no damage. The gnoll closely misses you.
The orc hits you with a +0 club.
* * * LOW HITPOINT WARNING * * *
The gnoll sergeant hits you from afar with a +2 heavy spear!
You die...

......###g..# #.....)o..##
##.>..)....# #......##..##
##......# ..## ##...##..##
#..## #....###gh###...#
####....# ##..g#go.#
....##...# ##ogg@g#
....####..# ####### ._..#
#..## ###### ....# #..##
#....## #...## #...##
#.....## .....## #...##
##..#...##
......#####....####...###..#
#...#................## ##[#
#..#####...####......# ##.#


You could see a black bear, a gnoll sergeant, 5 gnolls and 2 orcs.

Vanquished Creatures
  Sigmund (D:2)
  An ice beast (D:4)
  A black bear (D:4)
  An ogre (D:4)
  A kobold brigand (Sewer)
  An orc priest (D:5)
  A jelly (D:4)
  7 adders
  4 river rats
  2 worms
  2 dart slugs (D:2)
  6 orcs
  4 bats
  2 endoplasms
  4 giant cockroaches
  7 goblins
  2 hobgoblins
  6 jackals
  17 kobolds
  4 quokkas
  8 ball pythons
  5 frilled lizards
  19 rats
106 creatures vanquished.

Notes
Turn   | Place    | Note
-------+----------+-------------------------------------------
     0 | D:1      | Wiggles the Minotaur Berserker began the quest for the Orb.
     0 | D:1      | Reached XP level 1. HP: 19/19 MP: 0/0
   253 | D:1      | Reached XP level 2. HP: 27/27 MP: 1/1
   609 | D:1      | Found a faded altar of an unknown god.
  1139 | D:2      | Reached skill level 4 in Axes
  1178 | D:2      | Reached ** piety under Trog
  1217 | D:2      | Reached XP level 3. HP: 24/34 MP: 2/2
  1309 | D:2      | Found Nevipn's Book Shoppe.
  1570 | D:2      | Noticed Sigmund
  1583 | D:2      | Killed Sigmund
  1584 | D:2      | Reached skill level 5 in Fighting
  1584 | D:2      | Reached skill level 5 in Axes
  1584 | D:2      | Reached XP level 4. HP: 42/42 MP: 3/3
  1584 | D:2      | Reached XP level 5. HP: 48/48 MP: 4/4
  2303 | D:3      | Reached skill level 1 in Stealth
  3025 | D:4      | Reached XP level 6. HP: 53/56 MP: 5/5
  3118 | D:4      | Found a glowing drain.
  3147 | Sewer    | Entered a sewer
  3193 | Sewer    | Reached skill level 6 in Axes
  3368 | Sewer    | Reached *** piety under Trog
  3901 | D:4      | Found a sparkling altar of Nemelex Xobeh.
  3902 | D:4      | Noticed an ice beast
  3905 | D:4      | Reached XP level 7. HP: 59/62 MP: 6/6
  4220 | D:4      | Reached skill level 7 in Axes
  4297 | D:5      | Entered Level 5 of the Dungeon
  4333 | D:5      | Identified the +0 robe of Enyluel {-Tele Harm Int+4}
  4360 | D:5      | Found an opulent altar of Gozag.
  4424 | D:5      | Slain by a gnoll sergeant

Illustrated notes

Levels and vault maps discovered:
D:1:      lightli_arrival_isolated_outpost, layout_loops_corners,
          dilly_ecumenical_altar_fadedgnrine
D:2:      layout_loops_ring, serial_shops, shop, minmay_hedge_maze, uniq_sigmund
D:3:      layout_basic, minmay_gold_behind_fungi
D:4:      layout_loops_corners, nemelex_diamond_rough_becter,
          portal_sewer_entry_c
D:5:      layout_layer_cave, nicolae_gozag_seed_capital,
          gup_ossuary_entry_pyramid, uniq_eustachio, uniq_ijyb

Skill      XL: |  1  2  3  4  5  6  7 |
---------------+----------------------+-----
Fighting       | 4 5 6 |  6.2
Axes           | 4 5 6 7 |  7.2
Armour         | 3 4 |  4.6
Dodging        | 3 |  3.9
Stealth        | 1 |  1.4

Action                     |  1- 3 |  4- 6 |  7- 9 || total
---------------------------+-------+-------+-------++-------
  Melee: Hand axe          |   159 |   130 |    27 ||   316
         Headbutt          |    43 |    26 |     5 ||    74
         Punch             |     2 |     3 |     1 ||     6
 Invoke: Berserk           |     1 |       |     2 ||     3
         Trog's Hand       |       |       |     1 ||     1
    Use: Potion            |       |       |     5 ||     5
 Armour: Animal skin       |     8 |     3 |       ||    11
         Chain mail        |       |    76 |    17 ||    93
  Dodge: Dodged            |    40 |    81 |    20 ||   141
